 Dungeon Crawl Stone Soup version 0.32-a0-814-g0968bab981 (webtiles) character file.

Game seed: 1802222969829943710

198 tilp the Vexing (level 5, 0/37 HPs)
             Began as a Vampire Enchanter on Mar 22, 2024.
             Slain by a black bear (6 damage)
             ... on level 4 of the Dungeon.
             The game lasted 00:05:44 (3349 turns).

tilp the Vexing (Vampire Enchanter)                 Turns: 3349, Time: 00:05:44

Health: 0/37       AC:  4    Str:  7    XL:     5   Next: 47%
Magic:  0/8        EV: 11    Int: 19    God:
Gold:   29         SH:  0    Dex: 15    Spells: 3/8 levels left

rFire   . . .        a - +1 dagger
rCold   . . .        (no shield)
rNeg    . . .        b - +0 robe
rPois   .            (no helmet)
rElec   .            k - +0 cloak
rCorr   .            l - +0 pair of gloves
SInv    +            (no boots)
Will    +....        (no amulet)
Stlth   +++          x - ring of willpower
HPRegen 0.46/turn    (no ring)
MPRegen 0.11/turn

%: no passive effects
@: very slightly contaminated, healing quickly
A: alive, fangs 3, see invisible, vampiric 2
a: Exsanguinate


You were on level 4 of the Dungeon.
You visited 1 branch of the dungeon, and saw 4 of its levels.

You collected 165 gold pieces.
You spent 136 gold pieces at shops.

Inventory:

Hand Weapons
 a - a +1 dagger (weapon)
Missiles
 d - 5 boomerangs (quivered)
 p - 18 poisoned darts
 r - 2 curare-tipped darts
Armour
 b - a +0 robe (worn)
 k - a +0 cloak (worn)
 l - a +0 pair of gloves (worn)
Jewellery
 h - an amulet of guardian spirit
 x - a ring of willpower (left hand)
Wands
 v - a wand of flame (13)
 y - a wand of polymorph (7)
Scrolls
 f - 2 scrolls of teleportation {unknown}
 i - 3 scrolls of amnesia {unknown}
 j - a scroll of noise {unknown}
 n - a scroll of silence {unknown}
 q - 3 scrolls of enchant armour {unknown}
 s - a scroll of identify
 w - a scroll of immolation {unknown}
Potions
 c - 2 potions of invisibility
 e - 4 potions of curing
 g - 3 potions of heal wounds
 m - a potion of brilliance
 o - a potion of resistance {unknown}
 t - a potion of attraction {unknown}
 u - a potion of berserk rage {unknown}
 z - a potion of cancellation {unknown}


   Skills:
 * Level 1.6 Fighting
 + Level 1.9(2.3) Short Blades
 * Level 1.7(2.1) Long Blades
 + Level 1.1 Armour
 + Level 2.6 Dodging
 + Level 5.0 Stealth
 + Level 1.2 Shields
 + Level 2.3 Spellcasting
 + Level 5.0 Hexes
 + Level 1.2 Evocations


You had 3 spell levels left.
You knew the following spells:

 Your Spells              Type           Power      Damage    Failure   Level
a - Ensorcelled Hibernat  Hex/Ice        22%        N/A       9%          2
b - Confusing Touch       Hex            21%        N/A       6%          3

Your spell library contained the following spells:

 Spells                   Type           Power      Damage    Failure   Level
 Slow                     Hex            84%        N/A       1%          1
 Tukima's Dance           Hex            21%        N/A       6%          3
 Summon Small Mammal      Summ           8%         N/A       16%         1
 Dazzling Flash           Conj/Hex       22%        N/A       17%         3
 Frozen Ramparts          Ice            4%         1d1       43%         3
 Summon Ice Beast         Ice/Summ       2%         N/A       43%         3
 Vampiric Draining        Necr           2%         2d6       43%         3
 Cause Fear               Hex            10%        N/A       21%         4
 Anguish                  Hex/Necr       5%         N/A       50%         4
 Summon Lightning Spire   Summ/Air       2%         N/A       85%         4
 Yara's Violent Unravell  Hex/Alch       5%         3d4       85%         5
 Enfeeble                 Hex            10%        N/A       100%        7
 Ozocubu's Refrigeration  Ice            1%         4d7       100%        7
 Summon Hydra             Summ           1%         N/A       100%        7


Dungeon Overview and Level Annotations

Branches:
Dungeon (4/15)
 Temple: D:4-7

Altars:

Shops:
D:1 *(?   D:3 !


Innate Abilities, Weirdness & Mutations

Your natural rate of healing is accelerated.
You have razor-sharp teeth.
You have supernaturally acute eyesight. (SInv)
You are afflicted with vampirism and can become a bat while bloodless.


Message History

The helpless black bear fails to defend itself.
You impale the black bear!!
The black bear is almost dead.
The black bear goes berserk!
Unknown command.
Casting: Ensorcelled Hibernation (safe; 9% risk of failure)
Confirm with . or Enter, or press ? or * to list all spells.
You miscast Confusing Touch.
You are very lightly contaminated with residual magic.
Nothing appears to happen.
The black bear misses you. The black bear claws you.
The black bear barely misses you.
Casting: Confusing Touch (dangerous; 6% risk of failure)
Confirm with . or Enter, or press ? or * to list all spells.
Your hands begin to glow red.
The black bear bites you.
The black bear claws you but does no damage. x2
The black bear completely misses you. The black bear claws you.
The black bear completely misses you.
You barely miss the black bear.
The black bear is almost dead.
The black bear bites you!
The black bear claws you but does no damage.
The black bear barely misses you.
You hit the black bear but do no damage.
The black bear appears confused.
The black bear is almost dead.
The black bear bites you!
* * * LOW HITPOINT WARNING * * *
The black bear closely misses you. The black bear claws you.
* * * LOW HITPOINT WARNING * * *
You hit the black bear but do no damage.
The black bear is almost dead.
You hit the black bear but do no damage.
You bite the black bear, but do no damage.
The black bear is almost dead.
The black bear bites you but does no damage.
The black bear misses you. The black bear barely misses you.
You hit the black bear but do no damage.
The black bear is almost dead.
The black bear barely misses you. The black bear claws you.
You die...

#..##..##.#
#..##..##.##.#.#
#####..##..##.##.#.##
....................#
>.####..#..##......^#
##.#...##.......#
#...............#
.#####<..##.#...h...#
.........##.....@...#
######..###.........#
# #........#######
####.##### ...# #####


You could see a black bear (berserk, confused).

Vanquished Creatures
  Blork the orc (D:4)
  Ijyb (D:4)
  2 adders
  A gnoll (D:2)
  4 dart slugs
  A ribbon worm (D:2)
  2 ball pythons (D:4)
  7 endoplasms
  5 giant cockroaches
  6 hobgoblins
  3 quokkas
  10 bats
  5 goblins (D:1)
  10 kobolds
  5 rats
63 creatures vanquished.

Notes
Turn   | Place    | Note
-------+----------+-------------------------------------------
     0 | D:1      | tilp the Vampire Enchanter began the quest for the Orb.
     0 | D:1      | Reached XP level 1. HP: 13/13 MP: 3/3
    81 | D:1      | Found Sifimif's Weapon Shoppe.
   171 | D:1      | Found Udwablik's Assorted Antiques.
   248 | D:1      | Reached XP level 2. HP: 16/20 MP: 5/5
   278 | D:1      | Learned a level 2 spell: Ensorcelled Hibernation
   811 | D:1      | Found Zorphedgh's Magic Scroll Shop.
   814 | D:1      | Bought a scroll of identify for 26 gold pieces
   864 | D:2      | Gained mutation: You are afflicted with vampirism and can
                  | become a bat while bloodless. [Vampire growth]
   864 | D:2      | Reached XP level 3. HP: 25/25 MP: 6/6
   868 | D:2      | Learned a level 3 spell: Confusing Touch
   870 | D:2      | Got Muakub's Monograph on Niveous Doom
  1387 | D:2      | Reached skill level 1 in Long Blades
  1680 | D:2      | Reached skill level 1 in Fighting
  1680 | D:2      | Reached XP level 4. HP: 32/32 MP: 4/7
  1715 | D:2      | Found a faded altar of an unknown god.
  1863 | D:1      | Bought a yellow potion for 27 gold pieces
  1935 | D:1      | Reached skill level 1 in Evocations
  2471 | D:3      | Found Varchyck's Distillery.
  2477 | D:3      | Bought a potion of degeneration for 13 gold pieces
  2477 | D:3      | Bought a potion of curing for 39 gold pieces
  2775 | D:1      | Bought a scroll labelled LAH WOURATZ for 31 gold pieces
  2985 | D:4      | Noticed Ijyb
  3006 | D:4      | Killed Ijyb
  3007 | D:4      | Reached skill level 1 in Shields
  3059 | D:4      | Got Puedi's Lessons on Formation and Malisons
  3079 | D:4      | Noticed Blork the orc
  3099 | D:4      | Killed Blork the orc
  3100 | D:4      | Reached skill level 1 in Armour
  3100 | D:4      | Reached XP level 5. HP: 25/37 MP: 2/8
  3249 | D:4      | Reached skill level 5 in Stealth
  3249 | D:4      | Reached skill level 5 in Hexes
  3334 | D:4      | Noticed a black bear
  3349 | D:4      | Slain by a black bear

Illustrated notes

Levels and vault maps discovered:
D:1:      ebering_trefoil_3fold, layout_basic, serial_shops, shop,
          nicolae_shop_rolled_up, shop, roderic_three_in_a_row, minivault_5
D:2:      layout_rooms, serial_bayou, serial_bayou_lagoon_b,
          serial_bayou_pond_e, serial_bayou_crossing, serial_bayou_shore_b,
          serial_bayou_pond_b, serial_bayou_lagoon_a,
          shapermc_ecumenical_altar_acropolis
D:3:      layout_basic, serial_shops, shop
D:4:      layout_loops_ring, mainiacjoe_overflow_paths,
          serial_library_hellmonk_semicircle, minmay_close_crescents,
          uniq_eustachio, uniq_ijyb, uniq_natasha, uniq_blork_the_orc

Skill      XL: |  1  2  3  4  5 |
---------------+----------------+-----
Long Blades    | 1 |  1.7
Fighting       | 1 |  1.6
Evocations     | 1 |  1.2
Shields        | 1 |  1.2
Armour         | 1 |  1.1
Stealth        | 5 |  5.0
Hexes          | 5 |  5.0
Short Blades   | |  1.9
Dodging        | |  2.6
Spellcasting   | |  2.3

Action                     |  1- 3 |  4- 6 || total
---------------------------+-------+-------++-------
  Melee: Dagger            |    94 |    70 ||   164
         Bite              |     9 |     5 ||    14
   Cast: Ensorcelled Hiber |    22 |    17 ||    39
         Confusing Touch   |     1 |     1 ||     2
    Use: Scroll            |       |     2 ||     2
         Potion            |       |     1 ||     1
   Stab: Sleeping          |    22 |    14 ||    36
         Confused          |     1 |       ||     1
         Invisible         |       |     1 ||     1
 Armour: Robe              |    40 |    33 ||    73
  Dodge: Dodged            |    49 |    58 ||   107

Table legend: (Time is in decaauts)
 A = Elapsed time spent in this place.
 B = Non-inter-level travel time spent in this place.
 C = Inter-level travel time spent in this place.
 D = Time resting spent in this place.
 E = Time spent auto-exploring this place.
 F = Levels seen in this place.
 G = Mean time per level.
                   A        B        C        D        E       F      G
               +--------+--------+--------+--------+--------+-----+--------+
         Total |   3367 |   3077 |    290 |    197 |   2309 |   4 |  841.8 |
       Dungeon |   3367 |   3077 |    290 |    197 |   2309 |   4 |  841.8 |
               +--------+--------+--------+--------+--------+-----+--------+

Top non-repeatable levels by time:
     D:1: 1254 daAuts
     D:2: 979 daAuts
     D:3: 638 daAuts
     D:4: 494 daAuts
